 Dungeon Crawl Stone Soup version 0.30-a0-953-g5f1da4a474 (webtiles) character file.

Game seed: 13511419239937476287

77 Jackthecabe the Sneak (level 4, 0/23 HPs)
             Began as a Vine Stalker Brigand on Mar 29, 2023.
             Killed from afar by a white imp (9 damage)
             ... with a puff of frost
             ... summoned by Natasha
             ... on level 2 of the Dungeon.
             The game lasted 00:01:33 (646 turns).

Jackthecabe the Sneak (Vine Stalker Brigand)         Turns: 646, Time: 00:01:39

Health: 0/23       AC:  3    Str: 14    XL:     4   Next: 34%
Magic:  0/5        EV: 11    Int: 11    God:
Gold:   59         SH:  0    Dex: 17    Spells: 3/3 levels left

rFire   . . .      SeeInvis .    k - +0 rapier
rCold   . . .      Faith    .    (no shield)
rNeg    . . .      Spirit   +    b - +0 robe
rPois   .          Reflect  .    (no helmet)
rElec   .          Rampage  .    c - +0 cloak
rCorr   .                        (no gloves)
Will    .....                    (no boots)
Stlth   +++                      (no amulet)
HPRegen 1.03/turn                (no ring)
MPRegen 0.09/turn                (no ring)

@: slowed, very slow
A: fangs 2, regeneration 1, magic shield, antimagic bite, no potion heal 2
a: no special abilities


You were on level 2 of the Dungeon.
You visited 1 branch of the dungeon, and saw 2 of its levels.

You collected 59 gold pieces.


Innate Abilities, Weirdness & Mutations

You have extremely sharp teeth.
Your natural rate of healing is unusually fast.
When hurt, damage is shared between your health and your magic reserves.
Your bite disrupts and absorbs the magic of your enemies.
Potions cannot restore your health.


   Skills:
 - Level 1.7 Fighting
 * Level 3.4 Short Blades
 - Level 1.7 Throwing
 - Level 0.7 Dodging
 + Level 5.7 Stealth


You had 3 spell levels left.
You didn't know any spells.
Your spell library was empty.

Inventory:

Hand Weapons
 a - a +2 dagger
 k - a +0 rapier (weapon)
Missiles
 d - 9 poisoned darts (quivered)
 e - 3 curare-tipped darts {=f}
Armour
 b - a +0 robe (worn)
 c - a +0 cloak (worn)
Magical Staves
 h - a staff of fire {!a}
Scrolls
 f - a scroll of identify {unknown}
 j - a scroll of noise {unknown}
Potions
 g - 3 potions of curing {unknown}
 i - 2 potions of might {unknown}

Dungeon Overview and Level Annotations

Branches:
Dungeon (2/15)

Altars:

Annotations:
D:2 Natasha

#...# #.#......###
#...###.#.##...###
#...##..#.##....<.
#...#.....##...#..
##......#####..#...# ##
#....#..##.........##...
##...#.†#........#.....#
#...#..#...h.......# .#
#...#..#..@5....##.##.#
##.....#...5....##....#
###...#.............##
####.......#.#####....#
#...(........#####.#..#
#.........####.....#..#
#.........####.#####..#
###.##..#......# ...
#.##......#### #..#


You could see an iron imp (summoned), Natasha (magic disrupted) and a white imp
(summoned).


Message History

You feel yourself slow down.
You hit the iron imp but do no damage. The iron imp closely misses you.
You hit Natasha but do no damage.
Natasha howls an incantation.
Natasha's front paws start to glow.
Natasha barely misses you. The iron imp hits you.
Natasha mumbles some strange words.
You hit Natasha. You bite Natasha.
Natasha's magic leaks into the air.
You drain her magic.
You feel invigorated.
Natasha is severely wounded.
Natasha claws you. The iron imp closely misses you.
The white imp laughs crazily.
You barely miss Natasha.
Natasha is severely wounded.
Natasha claws you but does no damage.
The iron imp hits you but does no damage.
Natasha barely misses you.
You closely miss Natasha.
Natasha is severely wounded.
The iron imp hits you but does no damage.
Natasha claws you but does no damage. The white imp hits you.
The white imp freezes you. The iron imp hits you.
You hit Natasha.
Natasha is severely wounded.
Natasha claws you. The white imp barely misses you.
Natasha falters for a moment.
The iron imp hits you!
* * * LOW HITPOINT WARNING * * *
The white imp gestures at you. The puff of frost hits you!
You die...

Skill      XL: |  1  2  3 |
---------------+----------+-----
Short Blades   | 2 3 |  3.4
Stealth        | 5 |  5.7
Fighting       | |  1.7
Throwing       | |  1.7
Dodging        | |  0.7

Action                     |  1- 3 |  4- 6 || total
---------------------------+-------+-------++-------
  Melee: Dagger            |    67 |       ||    67
         Bite              |    14 |     1 ||    15
         Rapier            |       |     6 ||     6
   Stab: Sleeping          |     8 |       ||     8
 Armour: Robe              |    14 |     4 ||    18
  Dodge: Dodged            |    25 |     5 ||    30

Levels and vault maps discovered:
D:1:      saegor_arrival_simple_b, layout_rooms, kennysheep_boxes
D:2:      layout_rooms, uniq_natasha

Notes
Turn   | Place    | Note
-------+----------+-------------------------------------------
     0 | D:1      | Jackthecabe the Vine Stalker Brigand began the quest for
                  | the Orb.
     0 | D:1      | Reached XP level 1. HP: 11/11 MP: 2/2
    44 | D:1      | Reached skill level 2 in Short Blades
    48 | D:1      | Reached skill level 5 in Stealth
   122 | D:1      | Reached XP level 2. HP: 15/15 MP: 3/3
   481 | D:2      | Reached XP level 3. HP: 18/18 MP: 4/4
   548 | D:2      | Noticed Natasha
   560 | D:2      | Killed Natasha
   561 | D:2      | Reached skill level 3 in Short Blades
   583 | D:2      | Noticed Natasha
   597 | D:2      | HP: 1/18 [Natasha (4)]
   600 | D:2      | Killed Natasha
   601 | D:2      | Gained mutation: Your natural rate of healing is unusually
                  | fast. [Vine Stalker growth]
   601 | D:2      | Reached XP level 4. HP: 2/23 MP: 5/5
   638 | D:2      | Noticed Natasha
   646 | D:2      | Killed from afar by a white imp

Vanquished Creatures
  Natasha (twice) (D:2)
  2 ball pythons (D:1)
  5 endoplasms
  4 giant cockroaches
  A goblin (D:1)
  3 hobgoblins (D:1)
  2 quokkas
  3 bats (D:1)
  2 frilled lizards (D:1)
  2 kobolds (D:1)
  A rat (D:1)
27 creatures vanquished.

Table legend: (Time is in decaauts)
 A = Elapsed time spent in this place.
 B = Non-inter-level travel time spent in this place.
 C = Inter-level travel time spent in this place.
 D = Time resting spent in this place.
 E = Time spent auto-exploring this place.
 F = Levels seen in this place.
 G = Mean time per level.
                   A        B        C        D        E       F      G
               +--------+--------+--------+--------+--------+-----+--------+
         Total |    638 |    626 |     12 |      0 |    407 |   2 |  319.0 |
       Dungeon |    638 |    626 |     12 |      0 |    407 |   2 |  319.0 |
               +--------+--------+--------+--------+--------+-----+--------+

Top non-repeatable levels by time:
     D:1: 461 daAuts
     D:2: 177 daAuts

Table legend:
 A = Non-vault XP
 B = Vault XP
 C = Vault XP percentage of total XP
 D = Non-vault monster count
 E = Vault monster count
 F = Vault count percentage of total count
                 A         B        C        D         E       F
            +---------+---------+-------+---------+---------+-------
      Total |      75 |      36 |  32.4 |      26 |       1 |   3.7
            +---------+---------+-------+---------+---------+-------
        D:1 |      33 |       0 |   0.0 |      20 |       0 |   0.0
        D:2 |      42 |      36 |  46.2 |       6 |       1 |  14.3
            +---------+---------+-------+---------+---------+-------
